Cogmind - Beta 11.1 @@@ ROGUE MODE // 2022.06.04 @ 16:20:32 Player: Michael Result: Self-destructed Performance ------------- Evolutions (9) 4500 Regions Visited (24) 4800 Robots Destroyed (179) 895 Value Destroyed (4593) 4593 Prototype IDs (19) 380 Alien Tech Used (0) 0 Bonus (601) 601 TOTAL SCORE: 15769 Bonus ------- High Alert Combat Kills 481 Follower Combat Kills 102 Met Data Miner 300 Friendly Fire -282 Cogmind --------- Core Integrity 87/1600 Matter 300/300 Energy 74/100 System Corruption 0% Temperature Cool (0) Movement Core (50) Location -1/Access Parts ------- > --- POWER (2) -------- (None) > --- PROPULSION (7) --- (None) > --- UTILITY (12) ----- Advanced Weight Redist. System Enhanced Optical Array Improved Utility Shielding Improved Hacking Suite System Shield > --- WEAPON (4) ------- (None) > --- INVENTORY (5) ---- Light Quantum Reactor Wheel Advanced Sensor Array Hardcell Cannon Power Sword Peak State ------------ > --- POWER ------------ Light Antimatter Reactor Light Particle Reactor > --- PROPULSION ------- Q-thruster Q-thruster Q-thruster Cooled Impulse Thruster Cooled Impulse Thruster Cooled Impulse Thruster Cooled Impulse Thruster > --- UTILITY ---------- Advanced Coolant Injector Large Storage Unit Advanced Weight Redist. System Advanced Visual Processing Unit Advanced Sensor Array Advanced Signal Interpreter Advanced Reaction Control System Improved Power Shielding System Shield > --- WEAPON ----------- Scythe Scythe Power Sword > --- INVENTORY -------- Reinforced Quantum Reactor Q-thruster Q-thruster Q-thruster Q-thruster Advanced Coolant Injector Advanced Weight Redist. System Improved Utility Shielding Layered Medium Armor Plating Nova Cannon Heavy Machine Gun Hardcell Cannon Linear Accelerator Heavy Missile Launcher [Rating: 132] Favorites ----------- Power Micro Nuclear Core Engine Ion Engine Power Core Micro Nuclear Core Reactor Light Particle Reactor Propulsion Wheel Treads Armored Treads Wheel Wheel Hover Unit Gravmag Array Flight Unit Cooled Impulse Thruster Utility Advanced Targeting Computer Device Experimental Sensor Array Storage High-capacity Storage Unit Processor Advanced Targeting Computer Hackware Hacking Suite Protection Layered Light Armor Plating Weapon Heavy Assault Rifle Energy Cannon Nova Cannon Ballistic Gun Heavy Assault Rifle Ballistic Cannon Advanced Assault Cannon Launcher Heavy Missile Launcher Slashing Weapon Scythe Build | -11 -10 -10 -9 -9 -9 -8 -8 -7 -7 -7 -7 -6 -6 -5 -5 -5 -5 -4 -4 -4 -4 -3 -2 -1 ------- Run | Scr Mat Min Mat Min Exi Min Mat Fac Low Low Dat Pro Fac Fac Upp Upp War Pro Fac Upp Upp Res Res Acc Slots Evolved 18 | . . . 2 . . . 2 2 . . . . 2 2 . . . . 2 . . 2 2 2 Power 1 | . . . . . . . . . . . . . . . . . . . 1 . . . . . Propulsion 5 | . . . . . . . 1 . . . . . 1 2 . . . . 1 . . . . . Utility 10 | . . . . . . . 1 2 . . . . 1 . . . . . . . . 2 2 2 Weapon 2 | . . . 2 . . . . . . . . . . . . . . . . . . . . . Parts Attached 273 | 5 14 4 42 2 7 2 11 22 6 7 1 21 24 18 3 5 . 3 9 2 1 24 8 32 Power 25 | . 2 2 5 . . . 1 1 . . . . . 2 . . . . 2 . . 5 . 5 Engine 6 | . 2 1 3 . . . . . . . . . . . . . . . . . . . . . Core 9 | . . 1 2 . . . 1 1 . . . . . 2 . . . . 2 . . . . . Reactor 10 | . . . . . . . . . . . . . . . . . . . . . . 5 . 5 Propulsion 60 | 2 4 2 7 . 1 . 3 2 . . . . 1 8 . 3 . . 6 1 1 7 . 12 Treads 9 | . 3 1 3 . . . 1 1 . . . . . . . . . . . . . . . . Leg . | . . . . . . . . . . . . . . . . . . . . . . . . . Wheel 15 | 2 1 1 4 . 1 . 2 1 . . . . 1 1 . . . . 1 . . . . . Hover 3 | . . . . . . . . . . . . . . 3 . . . . . . . . . . Flight 33 | . . . . . . . . . . . . . . 4 . 3 . . 5 1 1 7 . 12 Utility 93 | 1 3 . 4 . 1 . 3 17 4 4 . 7 16 5 3 1 . 2 1 . . 7 5 9 Device 52 | . 1 . . . . . 1 11 2 2 . 6 12 2 3 1 . 1 . . . 4 2 4 Storage 7 | 1 1 . 2 . 1 . . . . . . . . 1 . . . . . . . 1 . . Processor 13 | . 1 . 1 . . . 1 1 . . . . 4 . . . . 1 . . . 1 2 1 Hackware 4 | . . . . . . . . . . . . . . 1 . . . . 1 . . . . 2 Protection 17 | . . . 1 . . . 1 5 2 2 . 1 . 1 . . . . . . . 1 1 2 Artifact . | . . . . . . . . . . . . . . . . . . . . . . . . . Weapon 95 | 2 5 . 26 2 5 2 4 2 2 3 1 14 7 3 . 1 . 1 . 1 . 5 3 6 Energy Gun . | . . . . . . . . . . . . . . . . . . . . . . . . . Energy Cannon 1 | . . . . . . . . . . . . . . . . . . . . . . 1 . . Ballistic Gun 53 | 2 4 . 21 1 5 1 3 1 2 1 1 8 1 1 . . . . . . . 1 . . Ballistic Cannon 12 | . . . 1 . . . . 1 . . . 1 6 2 . . . . . . . . . 1 Launcher 15 | . 1 . 3 1 . 1 1 . . 2 . 5 . . . . . . . . . . . 1 Special Weapon . | . . . . . . . . . . . . . . . . . . . . . . . . . Impact Weapon . | . . . . . . . . . . . . . . . . . . . . . . . . . Slashing Weapon 14 | . . . 1 . . . . . . . . . . . . 1 . 1 . 1 . 3 3 4 Piercing Weapon . | . . . . . . . . . . . . . . . . . . . . . . . . . Special Melee Weapon . | . . . . . . . . . . . . . . . . . . . . . . . . . Unidentified Prototypes 3 | . . . 2 . . . . . . . . . . . . . . . . . . 1 . . Parts Lost 66 | . 2 1 2 . . . 2 1 . . . 4 9 1 . 1 . 1 14 . . 8 2 18 Power 11 | . 1 1 1 . . . 1 . . . . . 1 . . . . . 2 . . 2 . 2 Propulsion 24 | . 1 . 1 . . . 1 . . . . . 3 . . . . . 6 . . 3 . 9 Utility 17 | . . . . . . . . . . . . . 2 1 . 1 . . 5 . . 1 2 5 Weapon 14 | . . . . . . . . 1 . . . 4 3 . . . . 1 1 . . 2 . 2 Highest Loss Streak 12 | . 1 1 1 . . . 2 1 . . . 2 6 1 . 1 . 1 11 . . 6 2 12 To Critical Strikes 1 | . . . . . . . . . . . . . . . . . . . . . . . . 1 Average Slot Usage (%) 82 | . 94 100 99 100 65 100 99 94 92 92 92 91 66 68 76 76 76 86 66 15 19 54 62 62 Engine 1 | . 10 6 5 . . . . . . . . . . . . . . . . . . . . . Core 5 | . . 7 5 11 11 11 8 7 7 7 7 7 3 4 5 5 5 5 5 . . . . . Treads 5 | . 13 14 11 11 6 . 9 7 7 7 7 7 3 . . . . . . . . . . . Wheel 8 | . 14 14 10 11 15 22 17 10 7 7 7 7 6 . 5 2 . . . . . . . . Flight 4 | . . . . . . . . . . . . . . 11 17 17 23 23 17 5 8 25 21 20 Device 5 | . 3 . . . . . . 8 6 6 . 6 7 7 8 11 5 5 4 . . 2 15 10 Storage 7 | . 14 14 11 11 11 11 9 7 7 7 7 7 3 2 5 5 5 5 4 . . . 4 3 Processor 13 | . 8 14 9 . . . 9 15 15 15 15 15 24 17 13 11 11 17 14 5 5 6 8 6 Protection 3 | . . . 1 11 11 11 8 5 7 7 15 7 1 1 . . . . . . . 3 1 3 Ballistic Gun 20 | . 27 28 43 43 9 43 35 28 29 29 30 24 8 4 5 5 5 5 3 . . . . . Ballistic Cannon 1 | . . . . . . . . . . . . 4 3 4 5 5 5 4 . . . . . . Slashing Weapon 1 | . . . . . . . . . . . . . . . . 2 5 10 9 5 5 7 6 8 Naked Turns . | . . . . . . . . . . . . . . . . . . . . . . . . . Heaviest Build 87 | 9 30 27 42 42 62 62 62 85 80 84 80 87 63 30 31 33 32 34 36 3 3 40 43 62 Greatest Support 62 | 20 20 20 10 10 20 20 20 28 28 28 28 28 38 60 32 39 39 39 45 7 13 50 45 62 Greatest Overweight (x) 5 | . 2 2 4 4 4 3 3 3 2 2 2 3 5 . . . . . . . . . . 1 Average Overweight (x) . | . 1 1 3 4 2 3 2 2 2 2 2 2 . . . . . . . . . . . . Largest Inventory Capacity 20 | 8 15 15 15 15 20 20 20 20 20 20 20 20 20 10 10 10 10 10 10 5 5 15 15 15 Average Capacity 15 | 7 14 15 15 15 18 20 20 20 20 20 20 20 13 7 10 10 10 10 9 5 5 5 15 13 Most Carried 20 | 4 15 15 15 15 20 19 20 20 20 20 20 20 20 10 10 10 10 10 10 5 5 5 14 15 Average Carried 14 | 2 10 14 14 14 17 19 19 19 19 20 20 19 13 7 9 9 10 9 8 2 4 4 7 11 Final Capacity 20 | 8 15 15 15 15 20 20 20 20 20 20 20 20 5 10 10 10 10 10 5 5 5 15 15 5 Final Carried 20 | 4 15 15 15 15 19 19 20 19 20 20 20 20 5 10 10 10 10 10 4 5 5 5 12 5 Class Distribution -------------------- 22% | Mutant 18% | Scout 16% | Skirmisher 12% | Scavenger-Gunner 9% | Scavenger-Skirmisher 6% | Tank 5% | Sprinter 4% | Gunner Dominant Class ---------------- Mutant | -10/Materials Mutant | -10/Mines Scavenger-Gunner | -9/Materials Tank | -9/Mines Mutant | -9/Exiles Tank | -8/Mines Scavenger-Gunner | -8/Materials Scavenger-Skirmisher | -7/Factory Skirmisher | -7/Lower Caves Skirmisher | -7/Lower Caves Tank | -7/Data Miner Skirmisher | -6/Proximity Caves Mutant | -6/Factory Scout | -5/Factory Scout | -5/Upper Caves Scout | -5/Upper Caves Scout | -5/Warlord Sprinter | -4/Proximity Caves Sprinter | -4/Factory Mutant | -4/Upper Caves Mutant | -4/Upper Caves Sprinter | -3/Research Scout | -2/Research Sprinter | -1/Access Resources | -11 -10 -10 -9 -9 -9 -8 -8 -7 -7 -7 -7 -6 -6 -5 -5 -5 -5 -4 -4 -4 -4 -3 -2 -1 ----------- Run | Scr Mat Min Mat Min Exi Min Mat Fac Low Low Dat Pro Fac Fac Upp Upp War Pro Fac Upp Upp Res Res Acc Matter Collected 6470 | 177 517 105 1287 39 188 15 588 624 74 90 . 697 531 527 319 40 . 45 10 32 10 153 127 275 Remotely . | . . . . . . . . . . . . . . . . . . . . . . . . . Salvage Created 6872 | . 519 153 2135 68 . 31 588 353 66 52 . 339 502 349 410 . . . 97 . . 411 30 769 Parts 381 | . 32 11 147 3 . 6 48 24 3 7 . 16 19 9 . . . . 1 . . 12 2 41 Haulers Intercepted 15 | . 2 . 5 . . . 2 . . . . . . 2 . . . . . . . 2 . 2 Recyclers Shooed 9 | . 2 . 3 . . . . . . . . . 2 1 . . . . . . . 1 . . Parts Field Recycled . | . . . . . . . . . . . . . . . . . . . . . . . . . Retrieved Matter . | . . . . . . . . . . . . . . . . . . . . . . . . . Parts Self-Destructed 54 | . . . . . . . . . 3 10 . 14 . . . 3 . 3 . 21 . . . . Prevented 3 | . . . . . . . . . . . . 1 . . . . . . . 2 . . . . Kills | -11 -10 -10 -9 -9 -9 -8 -8 -7 -7 -7 -7 -6 -6 -5 -5 -5 -5 -4 -4 -4 -4 -3 -2 -1 ------- Run | Scr Mat Min Mat Min Exi Min Mat Fac Low Low Dat Pro Fac Fac Upp Upp War Pro Fac Upp Upp Res Res Acc Combat Hostiles Destroyed 117 | . 12 1 41 2 . 4 9 6 1 4 . 18 3 3 . . . . 4 . . 1 . 8 Melee 11 | . . . . . . . . . . . . . . . . . . . 4 . . . . 7 Guns 58 | . 9 1 32 . . . 6 6 1 . . 2 1 . . . . . . . . . . . Cannons 10 | . . . . . . . . . . . . 4 2 3 . . . . . . . 1 . . AOE 38 | . 3 . 9 2 . 4 3 . . 4 . 12 . . . . . . . . . . . 1 Classes Destroyed 14 | . 5 2 2 . . . 1 2 . . . 1 . . . . . . . . . . . 1 Worker 13 | . 3 1 4 . . . 3 1 . . . . 1 . . . . . . . . . . . Builder 6 | . . . 3 . . . 3 . . . . . . . . . . . . . . . . . Tunneler 3 | . . 1 . . . . 1 . . . . . . . . . . . . . . . . 1 Hauler 15 | . 2 . 5 . . . 2 . . . . . . 2 . . . . . . . 2 . 2 Recycler 11 | . . 1 4 . . . . . . . . . 3 1 . . . . . . . 1 . 1 Minesweeper 1 | . . . . . . . . . . . . 1 . . . . . . . . . . . . Operator 3 | . . . . . . . . 1 . . . . . . . . . . . . . . . 2 Watcher 10 | . 1 . 2 . . . 1 . . . . . 1 1 . . . . . . . 1 1 2 Swarmer 54 | . 5 . 14 . . 4 3 . . 4 . 13 . 2 . . . . 4 . . 1 . 4 Cutter 4 | . . . . . . . . . . . . . . . . . . . . . . . . 4 Grunt 36 | . 7 1 17 2 . . 2 3 . . . 3 . 1 . . . . . . . . . . Duelist 2 | . . . . . . . 1 . . . . 1 . . . . . . . . . . . . Sentry 17 | . . . 10 . . . 3 2 1 . . 1 . . . . . . . . . . . . Programmer 4 | . . . . . . . . 1 . . . . 3 . . . . . . . . . . . Best Kill Streak 12 | . 6 1 12 2 . 4 4 4 1 4 . 6 3 2 . . . . 4 . . 2 1 7 Combat Bots Only 8 | . 3 1 8 2 . 4 3 4 1 4 . 6 1 2 . . . . 4 . . 1 . 4 Max Kills in Single Turn 4 | . 2 1 3 2 . 4 2 1 1 4 . 3 1 1 . . . . 1 . . 1 1 2 Gunslinging 1 | . . . 1 . . . . . . . . . . . . . . . . . . . . . Exploded 4 | . 2 . 3 2 . 4 2 . . 4 . 3 . . . . . . . . . . . 1 Melee 1 | . . . . . . . . . . . . . . . . . . . 1 . . . . 1 Uniques/NPCs Destroyed . | . . . . . . . . . . . . . . . . . . . . . . . . . Combat | -11 -10 -10 -9 -9 -9 -8 -8 -7 -7 -7 -7 -6 -6 -5 -5 -5 -5 -4 -4 -4 -4 -3 -2 -1 -------- Run | Scr Mat Min Mat Min Exi Min Mat Fac Low Low Dat Pro Fac Fac Upp Upp War Pro Fac Upp Upp Res Res Acc Damage Taken 12103 | . 588 95 1097 45 . 17 389 597 110 92 . 666 1495 522 50 20 . 236 1471 16 . 813 337 3447 Core 3674 | . 55 . 113 11 . . 41 23 11 . . 22 801 73 . . . . 634 16 . 194 167 1513 Absorbed by Shields . | . . . . . . . . . . . . . . . . . . . . . . . . . Redirected to Shielding 267 | . . . . . . . . . . . . . . 107 . . . . . . . . . 160 Regen/Repaired (Parts) 335 | . 146 . 87 . . . . . . . . . . 102 . . . . . . . . . . Core Remaining (%) 74 | 100 . 78 . . . 69 92 . . . . 92 5 . . . . 92 . . 43 85 88 . Volleys Fired 408 | . 74 29 86 1 . 1 37 19 3 2 . 38 64 43 8 . . . . . . 2 . 1 Largest 4 | . 2 2 4 4 . 1 4 4 4 1 . 4 3 2 2 . . . . . . 2 . 1 Hottest 137 | . 40 40 92 99 . 30 92 117 96 39 . 121 96 78 78 . . . . . . 137 . 39 Shots Fired 1015 | . 146 57 328 4 . 1 130 73 12 2 . 78 88 75 16 . . . . . . 4 . 1 Gun 845 | . 144 57 322 3 . . 128 72 12 . . 41 24 32 8 . . . . . . 2 . . Cannon 141 | . . . . . . . . 1 . . . 23 64 43 8 . . . . . . 2 . . Launcher 29 | . 2 . 6 1 . 1 2 . . 2 . 14 . . . . . . . . . . . 1 Special . | . . . . . . . . . . . . . . . . . . . . . . . . . Kinetic 984 | . 144 57 322 3 . . 128 73 12 . . 64 88 75 16 . . . . . . 2 . . Thermal 2 | . . . . . . . . . . . . . . . . . . . . . . 2 . . Explosive 29 | . 2 . 6 1 . 1 2 . . 2 . 14 . . . . . . . . . . . 1 Electromagnetic . | . . . . . . . . . . . . . . . . . . . . . . . . . Robot Hit Streak 21 | . 10 9 21 . . . 12 18 5 . . 6 11 9 8 . . . . . . 3 . . Robot Miss Streak 6 | . 5 4 4 3 . . 2 3 2 . . 6 3 2 1 . . . . . . 2 . 1 Penetration Max 2 | . . . . . . . . . . . . . . . 2 . . . . . . . . . Secondary Targets 4 | . 2 . 1 . . . 1 . . . . . . . . . . . . . . . . . Max Gunslinging Chain 1 | . 1 . 1 . . . 1 . . . . . . . . . . . . . . . . . Shots Hit Robots 675 | . 75 39 212 . . . 90 48 6 . . 35 35 48 12 . . . 8 . . 19 7 41 Core Hits 303 | . 35 13 98 2 . 3 31 20 3 4 . 31 15 10 6 . . . 4 . . 8 1 19 Critical Kills 3 | . . . 1 . . . . . . . . . . . 2 . . . . . . . . . Critical Parts Destroyed 8 | . . . 1 . . . 1 . . . . 4 1 . 1 . . . . . . . . . Critical Strikes 26 | . . . 2 . . . 1 . . . . 6 3 1 4 . . . . . . 2 1 6 Destroy 11 | . . . 2 . . . 1 . . . . 4 1 . 3 . . . . . . . . . Blast 6 | . . . . . . . . . . . . 2 2 1 1 . . . . . . . . . Sever 9 | . . . . . . . . . . . . . . . . . . . . . . 2 1 6 Melee Attacks 159 | . . . . . . . . . . . . . . . . 4 . . 19 . . 35 24 77 Impact . | . . . . . . . . . . . . . . . . . . . . . . . . . Slashing 159 | . . . . . . . . . . . . . . . . 4 . . 19 . . 35 24 77 Piercing . | . . . . . . . . . . . . . . . . . . . . . . . . . Sneak Attacks 13 | . . . . . . . . . . . . . . . . . . . . . . 7 . 6 Combat Hostiles 1 | . . . . . . . . . . . . . . . . . . . . . . 1 . . Follow-up Attacks 23 | . . . . . . . . . . . . . . . . . . . 2 . . 4 2 15 Damage Inflicted 16073 | . 950 326 3510 112 . 210 1487 717 93 274 . 2212 761 1221 423 . . . 311 . . 946 254 2266 Guns 7632 | . 801 326 2839 17 . . 1339 717 93 . . 347 294 570 265 . . . . . . 24 . . Cannons 1482 | . . . . . . . . . . . . 166 467 651 158 . . . . . . 40 . . Explosions 3560 | . 149 . 664 95 . 210 148 . . 274 . 1699 . . . . . . . . . . . 321 Melee 3390 | . . . . . . . . . . . . . . . . . . . 309 . . 882 254 1945 Ramming 9 | . . . 7 . . . . . . . . . . . . . . . 2 . . . . . Kinetic 9074 | . 801 326 2839 17 . . 1339 717 93 . . 513 761 1221 423 . . . . . . 24 . . Thermal 40 | . . . . . . . . . . . . . . . . . . . . . . 40 . . Explosive 3560 | . 149 . 664 95 . 210 148 . . 274 . 1699 . . . . . . . . . . . 321 Electromagnetic . | . . . . . . . . . . . . . . . . . . . . . . . . . Impact . | . . . . . . . . . . . . . . . . . . . . . . . . . Slashing 3390 | . . . . . . . . . . . . . . . . . . . 309 . . 882 254 1945 Piercing . | . . . . . . . . . . . . . . . . . . . . . . . . . Highest Corruption 5 | . 4 4 1 1 1 1 . . . . . . 2 . . . . . . . . 5 . . Average Corruption 1 | . 2 4 1 1 1 1 . . . . . . 1 . . . . . . . . 3 . . Corruption Purged 3 | . . . . . . . . . . . . . 3 . . . . . . . . . . . Corruption Blocked . | . . . . . . . . . . . . . . . . . . . . . . . . . Effects 37 | . 8 15 4 . 5 1 . . . . . . 4 . . . . . . . . . . . Message Errors 10 | . 2 6 . . 1 . . . . . . . 1 . . . . . . . . . . . Matter Fused 5 | . 1 2 1 . 1 . . . . . . . . . . . . . . . . . . . Heat Flow Errors 6 | . 1 2 . . 2 . . . . . . . 1 . . . . . . . . . . . Energy Discharges 3 | . . . 1 . . 1 . . . . . . 1 . . . . . . . . . . . Data Loss (minor) 5 | . 2 1 . . 1 . . . . . . . 1 . . . . . . . . . . . Misfires 4 | . 1 1 2 . . . . . . . . . . . . . . . . . . . . . Alerts 1 | . . 1 . . . . . . . . . . . . . . . . . . . . . . Weapon Failures 3 | . 1 2 . . . . . . . . . . . . . . . . . . . . . . Overload Shots . | . . . . . . . . . . . . . . . . . . . . . . . . . Overflow Damage 498 | . . . 31 . . 51 . . . . . 40 8 84 51 . . . 21 . . 43 21 148 Projectiles 166 | . . . . . . . . . . . . 23 8 84 51 . . . . . . . . . Explosions 99 | . . . 31 . . 51 . . . . . 17 . . . . . . . . . . . . Melee 233 | . . . . . . . . . . . . . . . . . . . 21 . . 43 21 148 Knockbacks 5 | . . . . . . . . . . . . . 4 1 . . . . . . . . . . Impact . | . . . . . . . . . . . . . . . . . . . . . . . . . Kinetic 5 | . . . . . . . . . . . . . 4 1 . . . . . . . . . . Secondary . | . . . . . . . . . . . . . . . . . . . . . . . . . Self-Inflicted Damage 270 | . . . 40 35 . 2 . . . . . 192 . . . . . . 1 . . . . . Shots 7 | . . . 1 1 . 1 . . . . . 4 . . . . . . . . . . . . Rammed 2 | . . . 1 . . . . . . . . . . . . . . . 1 . . . . . Targets Rammed 2 | . . . 1 . . . . . . . . . . . . . . . 1 . . . . . Kicked . | . . . . . . . . . . . . . . . . . . . . . . . . . Crushed . | . . . . . . . . . . . . . . . . . . . . . . . . . Highest Temperature 300 | . 124 149 111 51 273 . 282 232 165 8 . 223 180 6 . . . . . . . 300 . 177 Average Temperature 60 | . 17 36 32 26 113 . 88 94 87 5 . 63 28 3 . . . . . . . 113 . 52 Received Heat Transfer 1963 | . 255 72 342 6 . . 216 165 42 . . 123 205 171 9 . . 30 156 . . 54 18 99 Effects 5 | . . . . . 1 . 2 . . . . . . . . . . . . . . 2 . . Energy Bleed 1 | . . . . . 1 . . . . . . . . . . . . . . . . . . . Interference 4 | . . . . . . . 2 . . . . . . . . . . . . . . 2 . . Siege Activations . | . . . . . . . . . . . . . . . . . . . . . . . . . Robots Corrupted . | . . . . . . . . . . . . . . . . . . . . . . . . . Combat Hostiles . | . . . . . . . . . . . . . . . . . . . . . . . . . Parts Fried 1 | . . . . . . . . . . . . 1 . . . . . . . . . . . . Impact Corruptions . | . . . . . . . . . . . . . . . . . . . . . . . . . Robots Melted . | . . . . . . . . . . . . . . . . . . . . . . . . . Combat Hostiles . | . . . . . . . . . . . . . . . . . . . . . . . . . Parts Melted . | . . . . . . . . . . . . . . . . . . . . . . . . . Heat Transferred 37 | . . . . . . . . . . . . . . . . . . . . . . 37 . . Parts Sabotaged . | . . . . . . . . . . . . . . . . . . . . . . . . . Parts Stolen . | . . . . . . . . . . . . . . . . . . . . . . . . . Parts Stripped . | . . . . . . . . . . . . . . . . . . . . . . . . . Power Chain Reactions . | . . . . . . . . . . . . . . . . . . . . . . . . . Missiles Intercepted . | . . . . . . . . . . . . . . . . . . . . . . . . . Alert | -11 -10 -10 -9 -9 -9 -8 -8 -7 -7 -7 -7 -6 -6 -5 -5 -5 -5 -4 -4 -4 -4 -3 -2 -1 ------- Run | Scr Mat Min Mat Min Exi Min Mat Fac Low Low Dat Pro Fac Fac Upp Upp War Pro Fac Upp Upp Res Res Acc Peak Influence 1192 | . 278 103 1192 535 . 95 297 112 . . . . 204 190 . . . . 278 . . 458 488 893 Initial 464 | . . 60 3 464 . . 37 83 . . . . 114 107 . . . . 40 . . 92 246 237 Average 210 | . 106 53 573 534 . 93 161 53 . . . . 78 74 . . . . 113 . . 243 344 475 Maximum Alert Level 4 | . 1 . 4 2 . . 1 . . . . . 1 . . . . . 1 . . 2 2 3 Low Security (%) 68 | 100 84 100 7 . . 100 82 100 . . . . 97 100 . . . . 89 . . 48 . . Level 1 14 | . 15 . 31 . . . 17 . . . . . 2 . . . . . 10 . . 34 77 38 Level 2 10 | . . . 20 100 . . . . . . . . . . . . . . . . . 17 22 56 Level 3 5 | . . . 31 . . . . . . . . . . . . . . . . . . . . 4 Level 4 1 | . . . 8 . . . . . . . . . . . . . . . . . . . . . Level 5 . | . . . . . . . . . . . . . . . . . . . . . . . . . High Security . | . . . . . . . . . . . . . . . . . . . . . . . . . Max Security . | . . . . . . . . . . . . . . . . . . . . . . . . . Squads Dispatched 38 | . 3 . 7 . . . . 4 . . . . 4 1 . . . . 4 . . 1 3 11 Investigation 1 | . 1 . . . . . . . . . . . . . . . . . . . . . . . Extermination 6 | . . . . . . . . 2 . . . . 2 1 . . . . . . . . . 1 Reinforcement 30 | . 2 . 6 . . . . 2 . . . . 2 . . . . . 4 . . 1 3 10 Assault 1 | . . . 1 . . . . . . . . . . . . . . . . . . . . . Garrison . | . . . . . . . . . . . . . . . . . . . . . . . . . Intercept . | . . . . . . . . . . . . . . . . . . . . . . . . . Searches Triggered 2 | . . . . . . . . . . . . . . . . . . . . . . . 1 1 Construction Impeded 2 | . . . 2 . . . . . . . . . . . . . . . . . . . . . Haulers Reinforced 2 | . . . . . . . . . . . . . . . . . . . . . . . . 2 Active Scanning Responses . | . . . . . . . . . . . . . . . . . . . . . . . . . Cargo Convoy Interrupts . | . . . . . . . . . . . . . . . . . . . . . . . . . Stealth | -11 -10 -10 -9 -9 -9 -8 -8 -7 -7 -7 -7 -6 -6 -5 -5 -5 -5 -4 -4 -4 -4 -3 -2 -1 --------- Run | Scr Mat Min Mat Min Exi Min Mat Fac Low Low Dat Pro Fac Fac Upp Upp War Pro Fac Upp Upp Res Res Acc Distress Signals 11 | . 1 . 3 . . . 1 1 . . . . 2 . . . . . . . . 1 . 2 Communications Jammed . | . . . . . . . . . . . . . . . . . . . . . . . . . Distress Signals . | . . . . . . . . . . . . . . . . . . . . . . . . . Times Spotted 317 | . 24 2 58 2 . 4 12 12 1 2 . 21 29 12 1 3 . 12 25 4 . 25 10 58 Peak Tracking Total 20 | . 4 2 8 2 . 4 4 3 1 4 . 4 5 5 1 4 . 8 16 4 . 12 8 20 Tactical Retreats 44 | . 1 . 4 . . . . 1 . . . 3 6 1 . . . 1 3 2 . 5 2 15 Traps | -11 -10 -10 -9 -9 -9 -8 -8 -7 -7 -7 -7 -6 -6 -5 -5 -5 -5 -4 -4 -4 -4 -3 -2 -1 ------- Run | Scr Mat Min Mat Min Exi Min Mat Fac Low Low Dat Pro Fac Fac Upp Upp War Pro Fac Upp Upp Res Res Acc Traps Triggered 9 | . 3 . 1 . . . . 1 . . . . 2 1 . . . . . . . . . 1 Indirectly . | . . . . . . . . . . . . . . . . . . . . . . . . . Trap Hack Attempts . | . . . . . . . . . . . . . . . . . . . . . . . . . Triggered . | . . . . . . . . . . . . . . . . . . . . . . . . . Disarmed . | . . . . . . . . . . . . . . . . . . . . . . . . . Reprogrammed . | . . . . . . . . . . . . . . . . . . . . . . . . . Reused . | . . . . . . . . . . . . . . . . . . . . . . . . . Traps Extracted . | . . . . . . . . . . . . . . . . . . . . . . . . . Installed 2 | . . 1 1 . . . . . . . . . . . . . . . . . . . . . Triggered 5 | . . . . . . . . . . . . 2 . . . 3 . . . . . . . . Most Traps Carried 2 | . . 1 1 . . . . . . . . 2 2 . . . . . . . . . . . Exploded 2 | . . . . . . . . . . . . . 2 . . . . . . . . . . . Machines | -11 -10 -10 -9 -9 -9 -8 -8 -7 -7 -7 -7 -6 -6 -5 -5 -5 -5 -4 -4 -4 -4 -3 -2 -1 ---------- Run | Scr Mat Min Mat Min Exi Min Mat Fac Low Low Dat Pro Fac Fac Upp Upp War Pro Fac Upp Upp Res Res Acc Machines Disabled 5 | . . . 3 . . . . . . . . . . 1 . . . . . . . . . 1 Max in Single Turn 1 | . . . 1 . . . . . . . . . . 1 . . . . . . . . . 1 Garrison Access 3 | . . . . . . . . . . . . . 1 1 . . . . . . . 1 . . Machines Sabotaged . | . . . . . . . . . . . . . . . . . . . . . . . . . Garrisons Compromised 1 | . . . . . . . . . . . . . 1 . . . . . . . . . . . Overloaded Fab Kills . | . . . . . . . . . . . . . . . . . . . . . . . . . Hacking | -11 -10 -10 -9 -9 -9 -8 -8 -7 -7 -7 -7 -6 -6 -5 -5 -5 -5 -4 -4 -4 -4 -3 -2 -1 --------- Run | Scr Mat Min Mat Min Exi Min Mat Fac Low Low Dat Pro Fac Fac Upp Upp War Pro Fac Upp Upp Res Res Acc Machines Accessed 96 | . 7 . 10 . 1 . 6 15 1 . 3 . 12 11 . 2 . . 4 3 . 5 5 11 Terminals 47 | . 4 . 5 . . . 4 9 . . . . 5 3 . . . . 3 . . 3 4 7 Fabricators 12 | . . . . . . . . 4 . . . . 2 2 . . . . 1 . . . 1 2 Repair Stations 3 | . 1 . 1 . . . . . . . . . . 1 . . . . . . . . . . Recycling Units 14 | . 2 . 2 . . . 1 1 . . . . 3 2 . . . . . . . 1 . 2 Scanalyzers 5 | . . . 2 . . . 1 . . . . . 1 1 . . . . . . . . . . Garrison Access 5 | . . . . . . . . 1 . . . . 1 2 . . . . . . . 1 . . Total Hacks 220 | . 18 . 29 . 1 . 19 35 1 . 10 . 29 22 . 2 . . 13 3 . 6 14 18 Successful 126 | . 11 . 22 . 1 . 12 17 1 . 10 . 14 13 . 2 . . 10 3 . 1 6 3 Failed 94 | . 7 . 7 . . . 7 18 . . . . 15 9 . . . . 3 . . 5 8 15 Catastrophic 21 | . 1 . 1 . . . . 1 . . . . 4 1 . . . . 1 . . 3 2 7 Database Lockouts . | . . . . . . . . . . . . . . . . . . . . . . . . . Manual 21 | . . . 2 . . . 1 1 . . . . 2 2 . . . . 2 . . 1 2 8 Terminals 114 | . 11 . 11 . . . 9 27 . . . . 11 7 . . . . 11 . . 3 13 11 Fabricators 18 | . . . . . . . . 6 . . . . 3 2 . . . . 2 . . . 1 4 Repair Stations 9 | . 4 . 2 . . . . . . . . . . 3 . . . . . . . . . . Recycling Units 24 | . 3 . 2 . . . 3 1 . . . . 6 4 . . . . . . . 2 . 3 Scanalyzers 32 | . . . 14 . . . 7 . . . . . 8 3 . . . . . . . . . . Garrison Access 6 | . . . . . . . . 1 . . . . 1 3 . . . . . . . 1 . . Terminal Hacks 59 | . 6 . 5 . 1 . 4 11 1 . 10 . 1 2 . 2 . . 7 3 . . 5 1 Record 7 | . . . . . 1 . . . . . 2 . . . . 1 . . . 1 . . 1 1 Part Schematic 5 | . . . . . . . . 1 . . 4 . . . . . . . . . . . . . Robot Schematic 1 | . . . . . . . . . . . 1 . . . . . . . . . . . . . Prototype ID Bank 6 | . 1 . . . . . . . . . 3 . . 1 . . . . . . . . 1 . Open Door 4 | . . . . . . . . . 1 . . . . . . 1 . . . 2 . . . . Emergency Access Points 4 | . . . . . . . . 3 . . . . . . . . . . 1 . . . . . Terminal Index 2 | . . . 1 . . . . . . . . . . . . . . . . . . . 1 . Unreport Threat 2 | . 1 . . . . . . 1 . . . . . . . . . . . . . . . . Locate Traps 8 | . 2 . . . . . 1 1 . . . . 1 . . . . . 2 . . . 1 . Patrol Status 4 | . . . . . . . . 2 . . . . . . . . . . 1 . . . 1 . Transport Status 1 | . . . 1 . . . . . . . . . . . . . . . . . . . . . Recall Investigation 1 | . . . 1 . . . . . . . . . . . . . . . . . . . . . Recall Assault 1 | . . . 1 . . . . . . . . . . . . . . . . . . . . . Hauler Manifests 5 | . 1 . . . . . 2 1 . . . . . . . . . . 1 . . . . . Registered Components 1 | . 1 . . . . . . . . . . . . . . . . . . . . . . . Zone Layout 7 | . . . 1 . . . 1 2 . . . . . 1 . . . . 2 . . . . . Fabricator Hacks 8 | . . . . . . . . 4 . . . . 2 . . . . . 1 . . . . 1 Network Status 3 | . . . . . . . . 2 . . . . 1 . . . . . . . . . . . Load Schematic 5 | . . . . . . . . 2 . . . . 1 . . . . . 1 . . . . 1 Repair Station Hacks 8 | . 4 . 2 . . . . . . . . . . 2 . . . . . . . . . . Scan Component 4 | . 2 . 1 . . . . . . . . . . 1 . . . . . . . . . . Repair 4 | . 2 . 1 . . . . . . . . . . 1 . . . . . . . . . . Recycling Unit Hacks 8 | . 1 . 1 . . . . 1 . . . . 1 4 . . . . . . . . . . Process 2 | . . . . . . . . . . . . . . 2 . . . . . . . . . . Retrieve Matter 2 | . . . . . . . . . . . . . . 2 . . . . . . . . . . Retrieve Components 4 | . 1 . 1 . . . . 1 . . . . 1 . . . . . . . . . . . Scanalyzer 30 | . . . 13 . . . 7 . . . . . 8 2 . . . . . . . . . . Insert Component 14 | . . . 6 . . . 4 . . . . . 3 1 . . . . . . . . . . Analyze 16 | . . . 7 . . . 3 . . . . . 5 1 . . . . . . . . . . Garrison Access Hacks 3 | . . . . . . . . . . . . . 1 1 . . . . . . . 1 . . Seal Access 3 | . . . . . . . . . . . . . 1 1 . . . . . . . 1 . . Unauthorized Hacks 10 | . . . 1 . . . 1 1 . . . . 1 2 . . . . 2 . . . 1 1 Terminals 10 | . . . 1 . . . 1 1 . . . . 1 2 . . . . 2 . . . 1 1 Assimilate 3 | . . . . . . . . . . . . . . 1 . . . . 1 . . . . 1 Botnet 7 | . . . 1 . . . 1 1 . . . . 1 1 . . . . 1 . . . 1 . Fabricators . | . . . . . . . . . . . . . . . . . . . . . . . . . Repair Stations . | . . . . . . . . . . . . . . . . . . . . . . . . . Recycling Units . | . . . . . . . . . . . . . . . . . . . . . . . . . Scanalyzers . | . . . . . . . . . . . . . . . . . . . . . . . . . Garrison Access . | . . . . . . . . . . . . . . . . . . . . . . . . . Data Cores Recovered 3 | . . . . . . . . 1 . . . . . . . . . . . . . . . 2 Used 1 | . . . . . . . . 1 . . . . . . . . . . . . . . . . Hacking Detections 67 | . 4 . 5 . . . 5 13 . . . . 10 6 . . . . 4 . . 4 5 11 Full Trace Events . | . . . . . . . . . . . . . . . . . . . . . . . . . Feedback Events . | . . . . . . . . . . . . . . . . . . . . . . . . . Feedback Blocked . | . . . . . . . . . . . . . . . . . . . . . . . . . Robot Schematics Acquired 1 | . . . . . . . . . . . 1 . . . . . . . . . . . . . Robots Built . | . . . . . . . . . . . . . . . . . . . . . . . . . Authchips . | . . . . . . . . . . . . . . . . . . . . . . . . . Time . | . . . . . . . . . . . . . . . . . . . . . . . . . Total Robot Build Rating . | . . . . . . . . . . . . . . . . . . . . . . . . . Part Schematics Acquired 18 | . . . 6 . . . 3 1 . . 4 . 3 1 . . . . . . . . . . Parts Built . | . . . . . . . . . . . . . . . . . . . . . . . . . Authchips . | . . . . . . . . . . . . . . . . . . . . . . . . . Time . | . . . . . . . . . . . . . . . . . . . . . . . . . Total Part Build Rating . | . . . . . . . . . . . . . . . . . . . . . . . . . Parts Repaired 4 | . 2 . 1 . . . . . . . . . . 1 . . . . . . . . . . Time 128 | . 52 . 32 . . . . . . . . . . 44 . . . . . . . . . . Parts Recycled . | . . . . . . . . . . . . . . . . . . . . . . . . . Recycled Matter 98 | . . . . . . . . . . . . . . 98 . . . . . . . . . . Retrieved Matter 98 | . . . . . . . . . . . . . . 98 . . . . . . . . . . Retrieved Components 27 | . 10 . 7 . . . . 3 . . . . 7 . . . . . . . . . . . Parts Scanalyzed 13 | . . . 6 . . . 3 . . . . . 3 1 . . . . . . . . . . Part Schematics Acquired 13 | . . . 6 . . . 3 . . . . . 3 1 . . . . . . . . . . Parts Damaged . | . . . . . . . . . . . . . . . . . . . . . . . . . Bothacking | -11 -10 -10 -9 -9 -9 -8 -8 -7 -7 -7 -7 -6 -6 -5 -5 -5 -5 -4 -4 -4 -4 -3 -2 -1 ------------ Run | Scr Mat Min Mat Min Exi Min Mat Fac Low Low Dat Pro Fac Fac Upp Upp War Pro Fac Upp Upp Res Res Acc Used RIF Installer . | . . . . . . . . . . . . . . . . . . . . . . . . . Robots Hacked . | . . . . . . . . . . . . . . . . . . . . . . . . . Non-combat . | . . . . . . . . . . . . . . . . . . . . . . . . . Combat . | . . . . . . . . . . . . . . . . . . . . . . . . . Robot Hacks Applied . | . . . . . . . . . . . . . . . . . . . . . . . . . Relay Couplers Released . | . . . . . . . . . . . . . . . . . . . . . . . . . Fabnet Peak Effective % . | . . . . . . . . . . . . . . . . . . . . . . . . . Robots Rewired . | . . . . . . . . . . . . . . . . . . . . . . . . . Allies Hacked . | . . . . . . . . . . . . . . . . . . . . . . . . . Hacks Repelled . | . . . . . . . . . . . . . . . . . . . . . . . . . Allies | -11 -10 -10 -9 -9 -9 -8 -8 -7 -7 -7 -7 -6 -6 -5 -5 -5 -5 -4 -4 -4 -4 -3 -2 -1 -------- Run | Scr Mat Min Mat Min Exi Min Mat Fac Low Low Dat Pro Fac Fac Upp Upp War Pro Fac Upp Upp Res Res Acc Total Allies 4 | . . 1 . . . . . . . . . 1 . 1 . . . . 1 . . . . . Largest Group 1 | . . 1 . . . . . . . . . 1 . 1 . . . . 1 . . . . . Highest-Rated Group 96 | . . 31 . . . . . . . . . 96 . 10 . . . . 10 . . . . . Highest-Rated Ally 96 | . . 31 . . . . . . . . . 96 . 10 . . . . 10 . . . . . Total Orders . | . . . . . . . . . . . . . . . . . . . . . . . . . Ally Attacks 13 | . . 3 . . . . . . . . . 10 . . . . . . . . . . . . Total Damage 573 | . . 66 . . . . . . . . . 507 . . . . . . . . . . . . Kills 4 | . . 1 . . . . . . . . . 3 . . . . . . . . . . . . Allies Corrupted . | . . . . . . . . . . . . . . . . . . . . . . . . . Allies Melted . | . . . . . . . . . . . . . . . . . . . . . . . . . Intel | -11 -10 -10 -9 -9 -9 -8 -8 -7 -7 -7 -7 -6 -6 -5 -5 -5 -5 -4 -4 -4 -4 -3 -2 -1 ------- Run | Scr Mat Min Mat Min Exi Min Mat Fac Low Low Dat Pro Fac Fac Upp Upp War Pro Fac Upp Upp Res Res Acc Robot Analysis Total . | . . . . . . . . . . . . . . . . . . . . . . . . . Derelict Logs Recovered 14 | . . 1 . 1 . . . . 1 1 . 1 . . 1 2 . 3 . 3 . . . . Drone Launches . | . . . . . . . . . . . . . . . . . . . . . . . . . Drone Recoveries . | . . . . . . . . . . . . . . . . . . . . . . . . . Exploration | -11 -10 -10 -9 -9 -9 -8 -8 -7 -7 -7 -7 -6 -6 -5 -5 -5 -5 -4 -4 -4 -4 -3 -2 -1 ------------- Run | Scr Mat Min Mat Min Exi Min Mat Fac Low Low Dat Pro Fac Fac Upp Upp War Pro Fac Upp Upp Res Res Acc Turns Passed 13049 | 44 939 574 1546 178 455 155 574 1504 460 412 98 1018 1648 1014 234 265 14 167 230 145 28 311 349 687 Spaces Moved 14259 | 42 568 427 808 121 349 121 327 1000 338 306 75 643 1682 1775 458 464 43 476 465 312 61 737 887 1774 Core 1110 | 3 . . . . . . . . . . . . 1026 56 . . . . 8 . . . . 17 Treads 1 | . . 1 . . . . . . . . . . . . . . . . . . . . . . Legs . | . . . . . . . . . . . . . . . . . . . . . . . . . Wheels 5777 | 39 568 426 808 121 349 121 327 1000 338 306 75 643 656 . . . . . . . . . . . Hover 307 | . . . . . . . . . . . . . . 307 . . . . . . . . . . Flight 7064 | . . . . . . . . . . . . . . 1412 458 464 43 476 457 312 61 737 887 1757 Fastest Speed 15 | 50 80 110 110 140 110 125 110 125 130 130 130 130 50 34 39 32 32 32 31 45 39 19 24 15 Average Speed 69 | 77 107 110 126 140 124 125 123 127 130 130 130 130 76 38 39 35 32 32 32 45 41 25 24 24 Slowest Speed 240 | 80 110 240 140 140 140 125 125 145 130 130 130 145 155 60 39 39 32 32 50 45 45 39 24 99 Overloaded Moves 60 | . . . . . . . . . . . . . . . . . . . . . . 2 . 58 Propulsion Burnouts . | . . . . . . . . . . . . . . . . . . . . . . . . . Robots Hopped 81 | . . . . . . . . . . . . . . 15 1 . . 5 6 . . 14 1 39 Cave-ins Triggered . | . . . . . . . . . . . . . . . . . . . . . . . . . Exploration Rate (%) 47 | 4 71 89 88 42 55 40 34 30 52 52 68 72 46 46 65 72 9 79 14 51 16 29 23 44 Regions Visited 24 Branch Regions 14 Pre-discovered Areas 5 | . . . . 1 1 . . . . . 1 . . . . 1 . 1 . . . . . . Known Exits Taken 13 | . . . . . . . . 1 1 1 1 1 1 1 1 1 1 1 . . . 1 1 . Unknown Exits Taken 11 | 1 1 1 1 1 1 1 1 . . . . . . . . . . . 1 1 1 . . . Scrap Searched 19 | . . 1 . 1 . . . . . 1 . 3 . . 3 4 . 3 . 2 1 . . . Spaces Dug 128 | . . . 17 . . 6 11 . . . . 32 17 5 . 4 . . 5 . . 9 13 9 Terrain Destroyed 354 | . 12 . 33 7 . 6 21 1 . 16 . 181 22 8 1 4 . . 5 . . 10 13 14 Melee 40 | . . . . . . . . . . . . . . . . 4 . . 5 . . 9 13 9 Projectile 40 | . . . . . . . . 1 . . . 7 22 8 1 . . . . . . 1 . . AOE 274 | . 12 . 33 7 . 6 21 . . 16 . 174 . . . . . . . . . . . 5 Terrain Rammed . | . . . . . . . . . . . . . . . . . . . . . . . . . Walls Destroyed . | . . . . . . . . . . . . . . . . . . . . . . . . . Machines Disabled . | . . . . . . . . . . . . . . . . . . . . . . . . . Actions | -11 -10 -10 -9 -9 -9 -8 -8 -7 -7 -7 -7 -6 -6 -5 -5 -5 -5 -4 -4 -4 -4 -3 -2 -1 --------- Run | Scr Mat Min Mat Min Exi Min Mat Fac Low Low Dat Pro Fac Fac Upp Upp War Pro Fac Upp Upp Res Res Acc Total 16307 | 51 760 484 1150 127 373 123 411 1180 350 314 75 756 1985 2016 495 559 42 483 514 316 62 792 988 1901 Wait 1043 | . 83 18 163 . . . 28 114 . . . 50 178 174 26 79 . 10 17 . . 3 58 42 Move 14086 | 41 567 426 807 120 348 120 326 999 337 305 74 642 1681 1744 455 463 42 466 454 311 60 713 884 1701 Hop 68 | . . . . . . . . . . . . . . 15 1 . . 4 4 . . 9 1 34 Pick Up 115 | 5 15 2 13 2 9 . 6 11 1 . . 4 5 9 1 4 . . 2 3 1 2 8 12 Fast Attach 85 | 4 4 1 11 . . . . 2 2 . . . 3 12 . 1 . 1 2 . . 21 6 15 Attach 76 | 1 2 1 5 . 4 . 4 3 . . . 3 15 4 1 3 . 1 7 2 1 3 2 14 Detach 55 | . 1 1 4 . 3 . . 2 1 . . . 14 5 1 . . . 4 . . 4 5 10 Swap 112 | . 8 2 26 2 3 2 7 17 4 7 1 18 6 2 2 1 . 1 . . . . . 3 Drop 127 | . 6 3 33 2 6 . 3 13 2 . . 1 19 8 . 4 . . 6 . . 5 2 14 Fire 408 | . 74 29 86 1 . 1 37 19 3 2 . 38 64 43 8 . . . . . . 2 . 1 Melee 128 | . . . . . . . . . . . . . . . . 4 . . 17 . . 30 22 55 Ram 2 | . . . 1 . . . . . . . . . . . . . . . 1 . . . . . Kick . | . . . . . . . . . . . . . . . . . . . . . . . . . Crush . | . . . . . . . . . . . . . . . . . . . . . . . . . Escape Stasis . | . . . . . . . . . . . . . . . . . . . . . . . . . Rewire . | . . . . . . . . . . . . . . . . . . . . . . . . . Trap 2 | . . 1 1 . . . . . . . . . . . . . . . . . . . . . Miscellaneous . | . . . . . . . . . . . . . . . . . . . . . . . . . Route ------- -11/Scrapyard -10/Materials (discovered 4 exits: *Mat x2 / [*Min x2]) -10/Mines -9/Materials (discovered 5 exits: *Mat x3 / [*Min x2]) -9/Mines (discovered 2 exits: *Mat / *Exi) -9/Exiles -8/Mines -8/Materials -7/Factory (discovered 3 exits: *Fac / *Low x2) -7/Lower Caves -7/Lower Caves -7/Data Miner -6/Proximity Caves -6/Factory -5/Factory (discovered 4 exits: *Fac x3 / *Upp) -5/Upper Caves -5/Upper Caves -5/Warlord -4/Proximity Caves -4/Factory -4/Upper Caves -4/Upper Caves -3/Research (discovered 2 exits: *Res x2) -2/Research (discovered 2 exits: *Acc / Tes) -1/Access History --------- Turn | Location | Event 17 | -11/Scrapyard | Discovered new exit (range 16) 45 | -11/Scrapyard | Entered Materials 305 | -10/Materials | Discovered new exit (range 7) 328 | -10/Materials | Build established: Mutant 552 | -10/Materials | Discovered new exit (range 9) 589 | -10/Materials | Repaired Assault Rifle 616 | -10/Materials | Repaired Assault Rifle 702 | -10/Materials | Discovered new exit (range 18) 786 | -10/Materials | Discovered new exit (range 18) 984 | -10/Materials | Entered Mines 987 | -10/Mines | Received a Mining Laser from a helpful Derelict 988 | -10/Mines | Met a Derelict bent on vengeance 1113 | -10/Mines | Found a hidden stash of uninstalled traps 1147 | -10/Mines | Learned Materials terminal intel 1283 | -10/Mines | Discovered new exit (range 12) 1558 | -10/Mines | Entered Materials 1558 | -9/Materials | Evolved 2 slots: Weapon x2 1559 | -9/Materials | Loaded intel: 12 terminal locations 1963 | -9/Materials | Discovered new exit (range 3) 2220 | -9/Materials | Build established: Scavenger-Gunner 2287 | -9/Materials | Discovered new exit (range 8) 2536 | -9/Materials | Discovered new exit (range 11) 2598 | -9/Materials | Repaired Hvy. Assault Rifle 2758 | -9/Materials | First assault squad dispatched 2878 | -9/Materials | Destroyed 8 combat bots 2890 | -9/Materials | Discovered new exit (range 8) 3071 | -9/Materials | Discovered new exit (range 13) 3104 | -9/Materials | Entered Mines 3132 | -9/Mines | Learned location of Zion (-6) 3207 | -9/Mines | Build established: Tank 3208 | -9/Mines | Found a damaged Exp. Sensor Array with a note attached 3211 | -9/Mines | Found Prototype Device 3247 | -9/Mines | Discovered new exit (range 11) 3276 | -9/Mines | Deemed a non-threat by the Exiles lab entrance 3276 | -9/Mines | Discovered new exit (range 5) 3282 | -9/Mines | Entered Exiles 3317 | -9/Exiles | Met 8R-AWN 3336 | -9/Exiles | Met EX-HEX 3566 | -9/Exiles | Met EX-DEC 3599 | -9/Exiles | Build established: Mutant 3646 | -9/Exiles | Discovered new exit (range 11) 3737 | -9/Exiles | Entered Mines 3887 | -8/Mines | Discovered new exit (range 5) 3892 | -8/Mines | Entered Materials 3892 | -8/Materials | Evolved 2 slots: Propulsion x1, Utility x1 4302 | -8/Materials | Identified Exp. Sensor Array 4307 | -8/Materials | Build established: Scavenger-Gunner 4337 | -8/Materials | Discovered new exit (range 5) 4466 | -8/Materials | Entered Factory 4466 | -7/Factory | Evolved 2 slots: Utility x2 4555 | -7/Factory | Discovered new exit (range 19) 4741 | -7/Factory | Build established: Scavenger-Skirmisher 5339 | -7/Factory | Discovered new exit (range 11) 5360 | -7/Factory | Identified exit to Factory 5917 | -7/Factory | Discovered new exit (range 14) 5932 | -7/Factory | Identified exit to Lower Caves 5970 | -7/Factory | Entered Lower Caves 5991 | -7/Lower Caves | Build established: Skirmisher 6209 | -7/Lower Caves | Learned 4 Factory zone layouts 6214 | -7/Lower Caves | Encountered a Warlord checkpoint 6312 | -7/Lower Caves | Attracted the attention of an 0b10 checkpoint 6335 | -7/Lower Caves | Discovered new exit (range 11) 6348 | -7/Lower Caves | Identified exit to Lower Caves 6430 | -7/Lower Caves | Entered another Lower Caves area 6438 | -7/Lower Caves | Learned Factory emergency access door positions 6590 | -7/Lower Caves | Encountered a Warlord checkpoint 6788 | -7/Lower Caves | Discovered new exit (range 14) 6841 | -7/Lower Caves | Identified exit to Data Miner 6842 | -7/Lower Caves | Entered Data Miner 6844 | -7/Data Miner | Discovered new exit (range 6) 6850 | -7/Data Miner | Identified exit to Proximity Caves 6869 | -7/Data Miner | Met Data Miner 6892 | -7/Data Miner | Learned location of Section 7 (-2) 6892 | -7/Data Miner | Acquired the access code to Warlord's prototype stash 6910 | -7/Data Miner | Received God Mode back door access code from Data Miner 6940 | -7/Data Miner | Entered Proximity Caves 7144 | -6/Proximity Caves | Escorted by Enhanced Grunt 7524 | -6/Proximity Caves | Learned Factory emergency access door positions 7846 | -6/Proximity Caves | Attracted the attention of an 0b10 checkpoint 7946 | -6/Proximity Caves | Discovered exit to Factory (range 9) 7958 | -6/Proximity Caves | Entered Factory 7958 | -6/Factory | Evolved 2 slots: Propulsion x1, Utility x1 8935 | -6/Factory | Core integrity fell below 50% 8954 | -6/Factory | Lost 6 parts (1p3n2w) 9446 | -6/Factory | Core integrity fell below 20% 9594 | -6/Factory | Discovered new exit (range 19) 9606 | -6/Factory | Identified exit to Factory 9606 | -6/Factory | Entered another Factory area 9606 | -5/Factory | Evolved 2 slots: Propulsion x2 9809 | -5/Factory | Build established: Scout 9918 | -5/Factory | Discovered new exit (range 5) 9919 | -5/Factory | Identified exit to Factory 10194 | -5/Factory | Repaired Adv. Assault Cannon 10366 | -5/Factory | Discovered exit to Factory (range 11) 10420 | -5/Factory | Discovered exit to Factory (range 3) 10457 | -5/Factory | Spotted B-75 Beast 10615 | -5/Factory | Discovered new exit (range 13) 10620 | -5/Factory | Identified exit to Upper Caves 10620 | -5/Factory | Entered Upper Caves 10768 | -5/Upper Caves | Identified exit to Upper Caves 10854 | -5/Upper Caves | Entered another Upper Caves area 10942 | -5/Upper Caves | Learned Factory terminal intel 11081 | -5/Upper Caves | Learned location of Armory (-3) 11112 | -5/Upper Caves | Discovered new exit (range 10) 11115 | -5/Upper Caves | Identified exit to Warlord 11118 | -5/Upper Caves | Ambushed by wild Derelicts 11119 | -5/Upper Caves | Entered Warlord 11130 | -5/Warlord | Discovered new exit (range 9) 11133 | -5/Warlord | Identified exit to Proximity Caves 11133 | -5/Warlord | Entered Proximity Caves 11164 | -4/Proximity Caves | Learned 4 Research zone layouts 11238 | -4/Proximity Caves | Attracted the attention of an 0b10 checkpoint 11239 | -4/Proximity Caves | Learned location of Quarantine (-3) 11297 | -4/Proximity Caves | Discovered exit to Factory (range 5) 11300 | -4/Proximity Caves | Entered Factory 11300 | -4/Factory | Evolved 2 slots: Power x1, Propulsion x1 11301 | -4/Factory | Loaded intel: 26 terminal locations 11476 | -4/Factory | Lost 3 parts (1p2n) 11516 | -4/Factory | Discovered new exit (range 13) 11530 | -4/Factory | Core integrity fell below 50% 11530 | -4/Factory | Entered Upper Caves 11544 | -4/Upper Caves | Learned 8 Research zone layouts 11558 | -4/Upper Caves | Lost 11 parts (1p4n5u1w) 11646 | -4/Upper Caves | Learned Research security intel 11648 | -4/Upper Caves | Learned Research security intel 11671 | -4/Upper Caves | Discovered new exit (range 10) 11675 | -4/Upper Caves | Entered another Upper Caves area 11701 | -4/Upper Caves | Discovered new exit (range 5) 11703 | -4/Upper Caves | Entered Research 11703 | -3/Research | Evolved 2 slots: Utility x2 11704 | -3/Research | Identified exit to Research 11855 | -3/Research | Spotted B-86 Titan 11908 | -3/Research | Spotted B-86 Titan 12003 | -3/Research | Discovered exit to Research (range 11) 12014 | -3/Research | Entered another Research area 12014 | -2/Research | Evolved 2 slots: Utility x2 12015 | -2/Research | Identified exit to Testing 12044 | -2/Research | Lost 6 parts (2p2n1u1w) 12206 | -2/Research | Spotted B-90 Cyclops 12264 | -2/Research | Search patrols dispatched 12296 | -2/Research | Found Quantum Capacitor 12339 | -2/Research | Discovered new exit (range 19) 12363 | -2/Research | Identified exit to Access 12363 | -2/Research | Entered Access 12363 | -1/Access | Evolved 2 slots: Utility x2 12666 | -1/Access | Spotted B-99 Colossus 12784 | -1/Access | Lost 3 parts (2u1w) 12890 | -1/Access | Search patrols dispatched 12938 | -1/Access | Core integrity fell below 50% 12986 | -1/Access | Lost 12 parts (2p7n2u1w) 13035 | -1/Access | Spotted B-99 Colossus 13036 | -1/Access | Spotted B-99 Colossus 13047 | -1/Access | Core integrity fell below 20% 13050 | -1/Access | Self-destructed Last Messages --------------- 13039_ Penetrated by Slug. 13039_ Critical hit (Destroy). 13039_ Cld. Impulse Thruster destroyed. 13039_ Slug penetrates Wall. 13040_ Dropped Adv. Coolant Injector. 13042_ Slug penetrates Wall. 13043_ Knocked back. 13043_ Slug penetrates Wall. 13043_ Penetrated by Slug. 13046_ Knocked back. 13046_ Slug penetrates Wall. 13046_ ALERT: Suspicious intruders detected, dispatching Cutter reinforcements to area. 13046_ Knocked back. 13046_ Sealed Freight Elevator disabled. 13046_ Penetrated by Slug. 13046_ Slug penetrates Sealed Freight Elevator. 13049_ Knocked back. 13049_ Slug penetrates Sealed Heavy Doors. 13049_ Slug penetrates B-99 Colossus. Map ----- +----------------------------------------------------+ | #######################???????????#####+####?????? | | ##### ! ############################ #???????? | | =[! !! #???????? | | [%!| #???????? | | ##### !!=######### ""######### #???????? | | ###########??????# ""#??####### ########## | | """" #??????# ""#?#? # # | | ""R"" #??????# T#?# # # ! | | "" "" #??????# ""#?# / + " | | #??????# ""#?# # # """ | | #??????# ""#?# # # """ | | #??????""""""""""""?# ?# # " | | #???????????????????# ?# # %! | | #???????????????????# ??# # ! ! | | #???????????????????# ???# ###### | | #???????????????????# ???# #????##### | | #???????????????????# ????# #????????? | | #???????????????????##?????# #????????? | | ###+#######????????????????????????### ###??????? | | #?#!#??????????????????????????????# #??????? | | #?#[#??????????????????????????????# #??????? | | #?#*#??????????????????????????????+ #??????? | | ###*#??????????????????????????????# H +??????? | | /!*/#??????????????????????????????# #??????? | | #####????????????#""""""""""#??????# #??????? | | #????????????????# @ #???######+#######???? | | #????????????????# BB BB #???# #???? | | #????????????????# BB BB #???# ##### | | #????????????????# % #???# [[ / | | ?????????????????# #???# ! [! #### | | ?????????????????# #???# #??# | | ?????????????????# #??# #??# | | ???????############;; ####??## [ #??# | | ???????# # "??????# #??# | | ???????# ; ##?????# #??# | | ???????# """""" +% % #??????# #??# | | ???????# """"" # #??????# """ """ #??# | | ???????????"""""" # #??????# """G""" #??# | | ???????????"""""" ?#! #??????##############??# | | ???????????""""""g ?# #??????????????????????# | | ??????????? ??# #??????????????????????# | | ?????????? ??# #?????????????????????## | | ????????? ???#% #?????????#############" | | ????????? ???# "#????????# # | | ???????? ????# ##????????# # | | ????????####+###????# p #?????????# " # | | ??????????? ???????# #?????????# "" # | | ?????????? ????????# #?????????# "" # | | ????????? ?????????# ########??# "" # | | ???????? ??????????# #??# "" + | +----------------------------------------------------+ Best States ------------- Heat Dissipation 74 Coolant Potential 100 Energy Generation 41 Energy Capacity 350 Matter Stores 300 Matter Capacity 300 Sight Range 22 Robot Scan Range 20 Terrain Scan Density 10 Additional Mass Support 9 EM Shielding 2 Armor Coverage 375 Resistance: KI 30 Power Shielding 66 Utility Shielding 66 Weapon Shielding 66 Phase Shifting 15 Evasion (%) 77 Targeting Accuracy 24 Recoil Reduction 1 Offensive Hacking 12 Defensive Hacking 10 Item Schematics ----------------- Assault Rifle | -9/Materials | Scanalyzed Grenade Launcher | -9/Materials | Scanalyzed Imp. Heat Sink | -9/Materials | Scanalyzed Lgt. Nuclear Core | -9/Materials | Scanalyzed Imp. Assault Rifle | -9/Materials | Scanalyzed Mni. Grenade Launcher | -9/Materials | Scanalyzed Pulse Rifle | -8/Materials | Scanalyzed Hvy. Assault Rifle | -8/Materials | Scanalyzed Arm. Treads | -8/Materials | Scanalyzed Adv. Assault Cannon | -7/Factory | Hacked Lgt. Regenerative Plating | -7/Data Miner | Free Cld. Cesium-ion Thruster | -7/Data Miner | Free Gravity Neutralizer | -7/Data Miner | Free Gyrokinetic Inverter | -7/Data Miner | Free Med. Reactive Plating | -6/Factory | Scanalyzed Dynamic Insulation System | -6/Factory | Scanalyzed Adv. System Restoration Module | -6/Factory | Scanalyzed Gravmag Array | -5/Factory | Scanalyzed Robot Schematics ------------------ H-66 Slayer | -7/Data Miner | Free Fabricated ------------ Nothing Alien Tech Used ----------------- None Achievements -------------- None Challenges ------------ None Game ------ Seed DeliveryProtonImmobilizer Manual? 0 Play Time 03:32:09 Cumulative 383.3 hours Start 2022.06.02 @ 16:33:36 End 2022.06.04 @ 16:20:32 Sessions 3 Manual Loads 0 Difficulty Rogue Special Mode None Game No. 157 Rogue 134 Adventurer 23 Explorer 0 Win Type - Total 1 Types 1/0/0/0/0/0/0/0/0 Lore% 46 Gallery% 58 Achievement% 45 Wizard Run 0 Options --------- ASCII 0 Keyboard 1 Movement Vi Keybinds 0 Fullscreen 1 Font 12/Tallcaps Map View 83x54 Tactical HUD 1 Map Filters NONE Filters NONE Steam 0 RUN: 84a3d223-e42f-4d7e-880f-4556397d7902